 Dungeon Crawl Stone Soup version 0.29-a0-555-g3b24f45cc1 (webtiles) character file.

Game seed: 5812481884677915991

4280 vineage the Fighter (level 10, 0/68 HPs)
             Began as a Gargoyle Fighter on June 7, 2022.
             Was a Priest of Okawaru.
             Slain by a ten-headed hydra (1 damage)
             ... on level 8 of the Dungeon.
             The game lasted 00:10:23 (8992 turns).

vineage the Fighter (Gargoyle Fighter)              Turns: 8992, Time: 00:10:23

Health: 0/68       AC: 26    Str: 22    XL:     10   Next: 32%
Magic:  0/3        EV:  8    Int: 10    God:    Okawaru [***...]
Gold:   380        SH:  0    Dex: 11    Spells: 9/9 levels left

rFire   . . .      SeeInvis +   u - +8 dire flail of the Riding Ancients {antimagic, rElec rC+ Dex-2}
rCold   + . .      Faith    .   (shield currently unavailable)
rNeg    + . .      Spirit   +   l - +7 chain mail of Midsummer {Str+3}
rPois   ∞          Reflect  .   (no helmet)
rElec   +          Harm     .   (no cloak)
rCorr   +          Rampage  .   (no gloves)
Will    ++...                   E - +0 pair of boots
Stlth   ..........              x - amulet of guardian spirit
HPRegen 0.21/turn               q - ring "Apeozoni" {Will+ rCorr SInv}
MPRegen 0.08/turn               s - ring of Mulez {Fly Will+}

@: mighty, about to teleport, flying, studying Crossbows
A: sickness immunity, AC +7, negative energy resistance 1, electricity
resistance, torment resistance 1, petrification resistance
a: Renounce Religion, Heroism


You were on level 8 of the Dungeon.
You worshipped Okawaru.
Okawaru was most pleased with you.
You visited 2 branches of the dungeon, and saw 9 of its levels.

You collected 380 gold pieces.

Inventory:

Hand Weapons
 a - a +0 flail
 h - a +0 whip of draining
 u - the +8 dire flail of the Riding Ancients (weapon) {antimagic, rElec rC+ Dex-2}
   (You acquired it on level 7 of the Dungeon)

   It reduces the magical energy of the wielder, and disrupts the spells and
   magical abilities of those it strikes.
   Natural abilities and divine invocations are not affected.
   Dex:       It affects your dexterity (-2).
   rC:        It protects you from cold.
   rElec:     It insulates you from electricity.
 y - a +2 vampiric war axe
Armour
 b - a +0 scale mail
 c - a +0 buckler
 l - the +7 chain mail of Midsummer (worn) {Str+3}
   (You found it on level 2 of the Dungeon)

   Str:       It affects your strength (+3).
 E - a +0 pair of boots (worn)
Jewellery
 i - a ring of see invisible
 j - a +6 ring of intelligence
 k - a ring of ice
 p - a +6 ring of intelligence
 q - the ring "Apeozoni" (left hand) {Will+ rCorr SInv}
   (You took it off a goblin on level 2 of the Dungeon)

   [ring of willpower]

   SInv:      It lets you see invisible.
   rCorr:     It protects you from acid and corrosion.
   Will:      It increases your willpower.
 s - the ring of Mulez (right hand) {Fly Will+}
   (You found it on level 4 of the Dungeon)

   [ring of flight]

   Fly:       It grants you flight.
   Will:      It increases your willpower.
 x - an amulet of guardian spirit (around neck)
Wands
 z - a wand of digging (4)
 C - a wand of polymorph (7)
Scrolls
 g - 2 scrolls of teleportation
 v - a scroll of identify
 w - a scroll of poison
 A - a scroll of magic mapping {unknown}
Potions
 d - 2 potions of curing
 e - 2 potions of cancellation
 f - 2 potions of might
 m - a potion of magic
 n - a potion of haste
 o - 2 potions of flight
 r - a potion of ambrosia
 t - 2 potions of resistance {unknown}
 B - a potion of heal wounds
 D - a potion of berserk rage {unknown}


   Skills:
 * Level 10.9 Fighting
 + Level 6.9 Maces & Flails
 + Level 8.1 Armour
 - Level 7.5 Shields


You had 9 spell levels left.
You didn't know any spells.
Your spell library contained the following spells:

 Spells                   Type           Power      Damage    Failure   Level
 Static Discharge         Conj/Air       0%         N/A       98%         2
 Airstrike                Air            0%         N/A       100%        4
 Corpse Rot               Necr/Pois/Air  0%         N/A       100%        4
 Dispel Undead            Necr           0%         3d6       100%        4
 Death Channel            Necr           Unusable   N/A       N/A         6

Dungeon Overview and Level Annotations

Branches:
Dungeon (8/15)             Temple (1/1) D:5
   Lair: D:8-11

Altars:
Ashenzari
Dithmenos
Elyvilon
Hepliaklqana
Nemelex Xobeh
Okawaru
Qazlal
Ru
Trog
Uskayaw
Xom
Yredelemnul
Zin

Shops:
D:8 *

Annotations:
D:5 Grinder
D:8 SlaveLabor's ghost, novice DrIE


Innate Abilities, Weirdness & Mutations

You are immune to sickness and miasma.
Your stone body is resilient. (AC +7)
You are immune to poison.
You resist negative energy. (rN+)
You are resistant to electric shocks. (rElec)
You are resistant to unholy torment.
You are immune to petrification.


Message History

The ten-headed hydra bites you but does no damage. x3
The ten-headed hydra bites you.
The ten-headed hydra bites you but does no damage.
You barely miss the ten-headed hydra.
The ten-headed hydra bites you but does no damage.
The ten-headed hydra closely misses you.
The ten-headed hydra bites you but does no damage.
The ten-headed hydra bites you.
The ten-headed hydra bites you but does no damage. x6
You sock the ten-headed hydra!
The ten-headed hydra is lightly wounded.
The ten-headed hydra bites you. The ten-headed hydra bites you!
* * * LOW HITPOINT WARNING * * *
The ten-headed hydra bites you but does no damage.
The ten-headed hydra bites you.
* * * LOW HITPOINT WARNING * * *
The ten-headed hydra bites you but does no damage. x5
The ten-headed hydra barely misses you.
As you read the scroll of teleportation, it crumbles to dust.
You feel strangely unstable.
The ten-headed hydra bites you but does no damage.
The ten-headed hydra bites you.
The ten-headed hydra bites you but does no damage. x5
The ten-headed hydra bites you!
* * * LOW HITPOINT WARNING * * *
The ten-headed hydra bites you.
* * * LOW HITPOINT WARNING * * *
The ten-headed hydra bites you but does no damage.
The ten-headed hydra attacks as you move away!
The ten-headed hydra bites you but does no damage.
The ten-headed hydra bites you.
* * * LOW HITPOINT WARNING * * *
The ten-headed hydra bites you but does no damage. x2
The ten-headed hydra closely misses you.
The ten-headed hydra bites you but does no damage.
The ten-headed hydra bites you.
* * * LOW HITPOINT WARNING * * *
The ten-headed hydra bites you but does no damage.
The ten-headed hydra bites you.
You die...

.........###....#.#.###.#.....###
.........'.......)...............
......(..####...###.#####.....###
#.:....>## #....##.# #.##.##
##.....## #.##.##.# #.####
##...## #.##.##.# #.# ##'##
#.##.##.# #.# ##.###### #.......#
#.# #.......# ####@#### #.# ##
#..####.# #D# #.. . ##...###.#
#D# #.. #.....##### ###.#
##...#.##P♣.##.W#
#..####P....#..# ##.##
###..###≈.....'..# .....
.......#≈..)..'..# ##...
###....#♣.....'.## ####


You could see a ten-headed hydra, a nine-headed hydra and SlaveLabor's ghost.

Vanquished Creatures
  A hydra (D:6)
  A steam dragon (D:7)
  A wyvern (D:6)
  4 vampire mosquitoes
  An acid dragon (D:8)
  A water moccasin (D:5)
  Duvessa (D:7)
  A black bear (D:7)
  2 ice beasts
  An orc warrior (D:7)
  A sky beast (D:7)
  2 ogres
  3 centaurs
  A phantom (D:6)
  Blork the orc (D:5)
  A necrophage (D:5)
  2 kobold brigands
  3 bullfrogs
  3 scorpions
  Dowan (D:7)
  4 howler monkeys
  2 orc priests
  2 hounds
  A gnoll shaman (D:6)
  Jessica (D:2)
  5 iguanas
  6 orc wizards
  9 adders
  11 gnolls
  2 white imps
  3 worms
  4 dart slugs
  31 orcs
  2 ball pythons
  5 endoplasms
  2 giant cockroaches
  11 goblins
  5 hobgoblins
  6 jackals
  18 kobolds
  5 quokkas
  2 bats
  2 rats
171 creatures vanquished.

Notes
Turn   | Place    | Note
-------+----------+-------------------------------------------
     0 | D:1      | vineage the Gargoyle Fighter began the quest for the Orb.
     0 | D:1      | Reached XP level 1. HP: 14/14 MP: 1/1
   103 | D:1      | Found a faded altar of an unknown god.
   200 | D:1      | Reached XP level 2. HP: 15/19 MP: 2/2
   611 | D:2      | Reached XP level 3. HP: 5/24 MP: 3/3
   612 | D:2      | HP: 1/24 [gnoll/+0 spear (4)]
   617 | D:2      | Reached skill level 4 in Fighting
   622 | D:2      | Reached XP level 4. HP: 29/29 MP: 4/4
   662 | D:2      | Identified the +7 chain mail of Midsummer {Str+3}
   894 | D:2      | Noticed Jessica
   897 | D:2      | Killed Jessica
   993 | D:2      | Identified the ring "Apeozoni" {Will+ rCorr SInv}
  1021 | D:2      | Reached XP level 5. HP: 10/34 MP: 5/5
  1069 | D:2      | HP: 2/51 [goblin/sling bullet (4)]
  1623 | D:3      | Noticed an ogre
  1644 | D:3      | Killed an ogre
  1645 | D:3      | Reached skill level 5 in Fighting
  1645 | D:3      | Reached XP level 6. HP: 9/40 MP: 6/6
  2760 | D:4      | Identified the ring of Mulez {Fly Will+}
  3244 | D:4      | Reached XP level 7. HP: 19/45 MP: 7/7
  3497 | D:5      | Entered Level 5 of the Dungeon
  3516 | D:5      | Reached skill level 6 in Fighting
  3556 | D:5      | Reached skill level 5 in Armour
  3643 | D:5      | Noticed Grinder
  3652 | D:5      | Paralysed by Grinder for 4 turns
  3670 | D:5      | Paralysed by Grinder for 2 turns
  3685 | D:5      | Reached skill level 5 in Shields
  3792 | D:5      | Found a staircase to the Ecumenical Temple.
  3802 | Temple   | Entered the Ecumenical Temple
  3831 | Temple   | Became a worshipper of Warmaster Okawaru
  3990 | D:5      | Reached skill level 7 in Fighting
  3990 | D:5      | Reached XP level 8. HP: 46/53 MP: 8/8
  4082 | D:5      | Got Amou's Tome of Flight
  4155 | D:5      | Identified the +1 robe of Pan-Flutes {-Tele rPois rN+++
                  | Str-4}
  4371 | D:5      | Noticed Blork the orc
  4383 | D:5      | Killed Blork the orc
  5117 | D:6      | Reached * piety under Okawaru
  5264 | D:6      | Noticed a six-headed hydra
  5529 | D:5      | Reached skill level 8 in Fighting
  5991 | D:6      | Killed a six-headed hydra
  5991 | D:6      | Reached ** piety under Okawaru
  5992 | D:6      | Reached skill level 5 in Maces & Flails
  5992 | D:6      | Reached XP level 9. HP: 13/60 MP: 7/9
  6374 | D:7      | Reached skill level 9 in Fighting
  7597 | D:7      | HP: 1/62 [vampire mosquito (4)]
  7601 | D:7      | Reached skill level 10 in Fighting
  7907 | D:7      | Reached XP level 10. HP: 68/68 MP: 10/10
  7964 | D:7      | Identified a scroll of acquirement
  7964 | D:7      | Acquired the +8 dire flail of the Riding Ancients
                  | {antimagic, rElec rC+ Dex-2}
  8041 | D:7      | Reached *** piety under Okawaru
  8052 | D:7      | Noticed Duvessa
  8067 | D:7      | Killed Duvessa
  8074 | D:7      | Noticed Dowan
  8079 | D:7      | Killed Dowan
  8794 | D:8      | Found Dogah's Assorted Antiques.
  8973 | D:8      | Found a runed translucent gate.
  8974 | D:8      | Found a runed translucent gate.
  8974 | D:8      | Found a runed translucent gate.
  8975 | D:8      | Noticed a ten-headed hydra
  8975 | D:8      | Noticed SlaveLabor's ghost (novice DrIE)
  8976 | D:8      | Noticed a nine-headed hydra
  8992 | D:8      | HP: 2/68 [ten-headed hydra (2)]
  8992 | D:8      | Slain by a ten-headed hydra

Illustrated notes

Levels and vault maps discovered:
D:1:      lemuel_arrival_rhombus, layout_rooms, basic_ecumenical_altar,
          due_unseen_surprise
D:2:      layout_loops_ring, minmay_goblin_outpost, uniq_jessica
D:3:      layout_rooms
D:4:      layout_loops_ring, kennysheep_generic_room_16
D:5:      layout_gridville, minmay_temple_entry_purple_smoke, uniq_grinder,
          uniq_blork_the_orc
D:6:      layout_layer_cave
D:7:      layout_basic, uniq_duvessa
D:8:      layout_loops_corners, serial_shops, nicolae_shop_overgrown_old_shop,
          gammafunk_ghost_hydra_chop, eino_jars
Temple:   grunt_wide_crystal_templ

Skill      XL: |  1  2  3  4  5  6  7  8  9 10 |
---------------+-------------------------------+-----
Fighting       | 4 5 7 8 10 | 10.9
Armour         | 4 5 6 7 8 |  8.1
Shields        | 4 5 6 7 |  7.5
Maces & Flails | 3 4 5 6 |  6.9

Action                   |  1- 3 |  4- 6 |  7- 9 | 10-12 || total
-------------------------+-------+-------+-------+-------++-------
Melee: Flail             |    51 |   110 |       |       ||   161
       Whip              |       |   140 |   355 |       ||   495
       War axe           |       |       |    37 |    12 ||    49
       Dire flail        |       |       |       |    84 ||    84
Invok: Heroism           |       |       |     4 |       ||     4
  Use: Potion            |     3 |     5 |     4 |     1 ||    13
       Scroll            |     1 |     6 |     4 |     2 ||    13
 Stab: Invisible         |     3 |     1 |       |       ||     4
Armor: Scale mail        |    23 |       |       |       ||    23
       Chain mail        |       |   158 |   294 |   108 ||   560
       Skin              |       |    44 |       |       ||    44
Dodge: Dodged            |    29 |    98 |   142 |    54 ||   323
Block: Buckler           |    19 |    58 |   112 |     3 ||   192

Table legend: (Time is in decaauts)
 A = Elapsed time spent in this place.
 B = Non-inter-level travel time spent in this place.
 C = Inter-level travel time spent in this place.
 D = Time resting spent in this place.
 E = Time spent auto-exploring this place.
 F = Levels seen in this place.
 G = Mean time per level.
                   A        B        C        D        E       F      G
               +--------+--------+--------+--------+--------+-----+--------+
         Total |   8973 |   8643 |    330 |   2039 |   5053 |   9 |  997.0 |
       Dungeon |   8935 |   8622 |    313 |   2039 |   5041 |   8 | 1116.9 |
        Temple |     38 |     21 |     17 |      0 |     12 |   1 |   38.0 |
               +--------+--------+--------+--------+--------+-----+--------+

Top non-repeatable levels by time:
     D:6: 1950 daAuts
     D:5: 1723 daAuts
     D:2: 1419 daAuts
     D:7: 1019 daAuts
     D:4: 979 daAuts
     D:8: 720 daAuts
     D:3: 568 daAuts
     D:1: 553 daAuts
  Temple: 38 daAuts
